 Dungeon Crawl Stone Soup version 0.31.0-1-g2c135a008e (webtiles) character file.

Game seed: 17666879474049193032

957 qw the Shooter (level 8, 0/58 HPs)
             Began as a Djinni Hunter on Jan 23, 2024.
             Slain by a wight
             ... wielding a +3 long sword of freezing
              (2 damage)
             ... on level 5 of the Dungeon.
             The game lasted 00:00:15 (4692 turns).

qw the Shooter (Djinni Hunter)                      Turns: 4692, Time: 00:00:16

Health: 0/58       AC:  5    Str: 10    XL:     8   Next: 37%
Gold:   169        EV: 13    Int: 11    God:
                   SH:  0    Dex: 25

rFire   + + .        a - +1 shortbow
rCold   . . .        (shield currently unavailable)
rNeg    . . .        h - +0 ring mail
rPois   inf          (no helmet)
rElec   .            (no cloak)
rCorr   .            (no gloves)
SInv    .            (boots unavailable)
Will    .....        (no amulet)
Stlth   ++           c - ring of protection from cold
HPRegen 0.29/turn    b - +6 ring of dexterity
MPRegen 0.00/turn

%: infuse magic (-1 HP)
@: flying
A: sickness immunity, fire resistance 2, cold vulnerability 1, float, innate
caster, HP casting, extra vitality 1
a: no special abilities


You were on level 5 of the Dungeon.
You visited 1 branch of the dungeon, and saw 5 of its levels.

You collected 169 gold pieces.


Innate Abilities, Weirdness & Mutations

You are immune to sickness and miasma.
You are immune to poison.
Your flesh is very heat resistant. (rF++)
You are vulnerable to cold. (rC-)
You float through the air rather than walking.
You learn spells naturally, not from books.
Your magical power is your life essence.
You have superior vitality. (+4 MHP)


   Skills:
 + Level 4.0 Fighting
 - Level 7.0 Ranged Weapons
 - Level 1.8 Armour
 - Level 4.1 Dodging
 - Level 0.7 Stealth


You knew the following spells:

 Your Spells              Type           Power      Damage    Failure   Level
a - Apportation           Tloc           0%         N/A       65%         1
b - Scorch                Fire           0%         2d5       80%         2
c - Volatile Blastmotes   Fire/Tloc      0%         2d10      95%         3
Your spell library was empty.

Inventory:

Hand Weapons
 a - a +1 shortbow (weapon)
Armour
 h - a +0 ring mail (worn)
Jewellery
 b - a +6 ring of dexterity (right hand)
 c - a ring of protection from cold (left hand)
 l - a ring of protection from fire
 m - an amulet of faith
Wands
 g - a wand of charming (6)
Potions
 d - a potion of haste {unknown}
 e - a potion of degeneration {unknown}
 f - a potion of mutation {unknown}
 i - a potion of heal wounds {unknown}
 j - a potion of lignification {unknown}
 k - a potion of cancellation

Dungeon Overview and Level Annotations

Branches:
Dungeon (5/15)
 Temple: D:4-7

Altars:
Makhleb

Shops:
D:2 :


Message History

You shoot an arrow. The arrow closely misses the wight.
The wight completely misses you.
You shoot an arrow. The arrow hits the wight.
The wight is almost destroyed.
The wight hits you with a +0 long sword of flaming.
The wight burns you. The wight completely misses you.
You shoot an arrow. The arrow hits the wight.
You destroy the wight!
Your Ranged Weapons skill increases to level 7!
You start resting.
HP restored.
A wight comes into view.
It is wielding a +3 long sword of freezing.
Things that are here:
a +0 long sword of flaming; a +0 robe You shoot an arrow.
The arrow hits the wight but does no damage.
You shoot an arrow.
The arrow hits the wight but does no damage.
You shoot an arrow. The arrow completely misses the wight.
You shoot an arrow. The arrow closely misses the wight.
You shoot an arrow. The arrow barely misses the wight.
The wight hits you with a +3 long sword of freezing.
The wight freezes you.
You shoot an arrow. The arrow closely misses the wight.
The wight hits you with a +3 long sword of freezing!
The wight freezes you.
You shoot an arrow. The arrow hits the wight.
The wight is heavily damaged.
The wight barely misses you.
You shoot an arrow.
The arrow hits the wight but does no damage.
The wight is heavily damaged.
The wight hits you with a +3 long sword of freezing!
The wight freezes you.
You shoot an arrow. The arrow closely misses the wight.
The wight hits you with a +3 long sword of freezing!
The wight freezes you.
The wight hits you with a +3 long sword of freezing!
The wight freezes you.
You die...

######.####'## #.# #.# #.#
#.# #.# #.# #.# #.# #.# #.#
#.# #.#######.##########.#
#.#####..................>#
#^......######.##########.##
######### #..............
.....################.#.
......z@))............#.
.........########.....#.
.........# ##.###.#.
.........# #####..# #.#.
.........# #.....####.#.
........?# #.#####....#.
####+##### #.# #.####. ##.#
#.# #. #..# #.# #.


You could see a wight.

Vanquished Creatures
  A centaur (D:5)
  Blork the orc (D:4)
  3 scorpions (D:4)
  4 wights (D:5)
  4 bombardier beetles
  A jelly (D:2)
  A hound (D:3)
  A sleepcap (D:4)
  4 gnolls (D:3)
  7 adders
  A white imp (D:5)
  2 ufetubi (D:5)
  2 dart slugs
  4 ribbon worms
  4 ball pythons
  5 bats
  8 endoplasms
  2 giant cockroaches
  9 goblins
  6 hobgoblins
  5 jackals
  4 quokkas
  5 frilled lizards
  9 kobolds
  5 rats
98 creatures vanquished.

Notes
Turn   | Place    | Note
-------+----------+-------------------------------------------
     0 | D:1      | qw the Djinni Hunter began the quest for the Orb.
     0 | D:1      | Reached XP level 1. HP: 18/18 MP: 0/0
     0 | D:1      | 0 ||| qw: Version: 0.3-a-135-gb77e89d
     0 | D:1      | 0 ||| qw: Game counter: 901
     0 | D:1      | 0 ||| qw: Melee chars always use a shield: true
     0 | D:1      | 0 ||| qw: God list: Okawaru
     0 | D:1      | 0 ||| qw: Allow faded altars: false
     0 | D:1      | 0 ||| qw: Do Orc after clearing Dungeon:15 true
     0 | D:1      | 0 ||| qw: Do second Lair branch before Depths: true
     0 | D:1      | 0 ||| qw: Lair rune preference: random
     0 | D:1      | 0 ||| qw: Goals: Normal
     0 | D:1      | 0 ||| PLANNING D:1-11
   100 | D:1      | Reached XP level 2. HP: 23/23 MP: 0/0
   251 | D:1      | Found a faded altar of an unknown god.
   471 | D:1      | Reached XP level 3. HP: 28/28 MP: 0/0
   471 | D:1      | Learned a level 1 spell: Apportation
   500 | D:1      | Reached skill level 4 in Ranged Weapons
   968 | D:1      | 968 ||| READING scroll labelled PUIMPA JOIFOQ.
   969 | D:1      | 969 ||| READING scroll labelled UZXUXOAREM.
   970 | D:1      | 970 ||| READING scroll labelled VOELEH QIDOADU.
   971 | D:1      | 971 ||| DRINKING 2 bubbling orange potions.
   972 | D:1      | 972 ||| DROPPING scroll of butterflies.
   973 | D:1      | 973 ||| DROPPING potion of attraction.
  1094 | D:2      | Reached XP level 4. HP: 34/34 MP: 0/0
  1117 | D:2      | Identified the +5 war axe of the Spectre {vamp, Will++
                  | Int+3}
  1124 | D:2      | Reached skill level 3 in Fighting
  1502 | D:2      | Reached skill level 3 in Dodging
  1502 | D:2      | Reached XP level 5. HP: 40/40 MP: 0/0
  1502 | D:2      | Learned a level 2 spell: Scorch
  1520 | D:2      | Found Qiecwat's Book Boutique.
  1747 | D:2      | 1747 ||| UPGRADING to +0 ring mail.
  1757 | D:2      | 1757 ||| DROPPING +0 leather armour.
  1758 | D:2      | 1758 ||| READING scroll labelled WOC DYPNEIRE.
  1758 | D:2      | 1758 ||| ENCHANTING +0 shortbow.
  1759 | D:2      | 1759 ||| READING scroll labelled VYEROE CUEG YRPHAE.
  1844 | D:3      | Reached skill level 1 in Armour
  2039 | D:3      | Reached XP level 6. HP: 46/46 MP: 0/0
  2513 | D:3      | 2513 ||| UPGRADING to ring of protection from cold.
  2514 | D:3      | 2514 ||| READING scroll labelled QAINUI QEMUAPP.
  2573 | D:4      | Reached skill level 5 in Ranged Weapons
  2819 | D:4      | Reached XP level 7. HP: 51/51 MP: 0/0
  2819 | D:4      | Learned a level 3 spell: Volatile Blastmotes
  2843 | D:4      | 2843 ||| READING scroll labelled SOXA AWEAFALI.
  2975 | D:4      | Noticed Blork the orc
  2987 | D:4      | Killed Blork the orc
  3467 | D:4      | Found a burning altar of Makhleb.
  3539 | D:4      | 3539 ||| UPGRADING to +6 ring of dexterity.
  3540 | D:4      | 3540 ||| READING scroll labelled YFI WICADI.
  3541 | D:4      | 3541 ||| READING scroll labelled JUGIYT PIETT.
  3642 | D:4      | 3642 ||| READING scroll labelled JODAK OCRATA.
  3642 | D:4      | 3642 ||| ENCHANTING +1 shortbow.
  3643 | D:4      | 3643 ||| DRINKING 2 fuming yellow potions.
  3661 | D:5      | Entered Level 5 of the Dungeon
  3662 | D:5      | 3662 ||| STAIRDANCE
  3766 | D:5      | 3766 ||| STAIRDANCE
  4124 | D:5      | Reached skill level 6 in Ranged Weapons
  4124 | D:5      | Reached XP level 8. HP: 36/58 MP: 0/0
  4426 | D:5      | HP: 10/58 [wight/+0 hand axe (5)]
  4604 | D:5      | Reached skill level 7 in Ranged Weapons
  4692 | D:5      | HP: 2/58 [wight/+3 long sword of freezing (15)]
  4692 | D:5      | Slain by a wight

Levels and vault maps discovered:
D:1:      tarquinn_simple_flora_water_e, layout_basic,
          ebering_ecumenical_altar_ruins, nicolae_figureground_sparkle
D:2:      layout_loops_ring, serial_shops, shop, minmay_tetromino_o4
D:3:      layout_loops_ring, vehumet_crystals
D:4:      layout_loops_ring, lemuel_round_altar, uniq_blork_the_orc
D:5:      layout_basic, mainiacjoe_overflow_alcove_4, corner_web_ring,
          uniq_eustachio

Skill      XL: |  1  2  3  4  5  6  7  8 |
---------------+-------------------------+-----
Ranged Weapons | 4 5 6 7 |  7.0
Fighting       | 3 4 |  4.0
Dodging        | 3 4 |  4.1
Armour         | 1 |  1.8
Stealth        | |  0.7

Action                     |  1- 3 |  4- 6 |  7- 9 || total
---------------------------+-------+-------+-------++-------
   Fire: Shortbow          |    72 |   186 |   162 ||   420
    Use: Scroll            |     3 |     3 |     4 ||    10
         Potion            |     1 |       |     1 ||     2
 Armour: Leather armour    |     8 |    15 |       ||    23
         Ring mail         |       |    40 |    74 ||   114
  Dodge: Dodged            |    15 |    80 |    84 ||   179

Table legend:
 A = Non-vault XP
 B = Vault XP
 C = Vault XP percentage of total XP
 D = Non-vault monster count
 E = Vault monster count
 F = Vault count percentage of total count
                 A         B        C        D         E       F
            +---------+---------+-------+---------+---------+-------
      Total |    1266 |     102 |   7.5 |      93 |       5 |   5.1
            +---------+---------+-------+---------+---------+-------
        D:1 |      41 |       0 |   0.0 |      25 |       0 |   0.0
        D:2 |     107 |       6 |   5.3 |      15 |       4 |  21.1
        D:3 |     187 |       0 |   0.0 |      22 |       0 |   0.0
        D:4 |     393 |      96 |  19.6 |      18 |       1 |   5.3
        D:5 |     538 |       0 |   0.0 |      13 |       0 |   0.0
            +---------+---------+-------+---------+---------+-------
